 Dungeon Crawl Stone Soup version 0.30.0-29-ga12c61a403 (webtiles) character file.

Game seed: 11672350478922906081

14495 DemonSlayer the Thaumaturge (level 11, -9/72 HPs)
             Began as a Demonspawn Earth Elementalist on June 21, 2023.
             Was an Elder of Dithmenos.
             Mangled by a polar bear (27 damage)
             ... in an ice cave.
             The game lasted 00:29:53 (14266 turns).

DemonSlayer the Thaumaturge (DsEE)                 Turns: 14266, Time: 00:29:54

Health: -9/72      AC:  5    Str: 11    XL:     11   Next: 89%
Magic:  3/34       EV: 17    Int: 26    God:    Dithmenos [****..]
Gold:   356        SH:  0    Dex: 14    Spells: 18/31 levels left

rFire   + + .        t - +2 rapier (speed)
rCold   + . .        (no shield)
rNeg    . . .        J - +0 leather armour {rPois}
rPois   +            U - +1 hat
rElec   .            h - scarf {rC+ rF+}
rCorr   .            A - +0 pair of gloves
SInv    .            (no boots)
Will    .....        k - amulet of regeneration
Stlth   ++           q - ring "Icia" {rF+ MP+9 Int+4 Dex-2}
HPRegen 1.12/turn    v - +5 ring of evasion
MPRegen 0.24/turn

%: wizardry (x1)
@: wreathed by umbra, very slow
A: ignite blood 3, big brain 3, demonic touch 1
a: Renounce Religion, Shadow Step


You were in an ice cave.
You worshipped Dithmenos.
Dithmenos was greatly pleased with you.
You visited 2 branches of the dungeon, and saw 12 of its levels.
You also visited: Sewer and Ice Cave.

You collected 690 gold pieces.
You spent 334 gold pieces at shops.

Inventory:

Hand Weapons
 t - a +2 rapier of speed (weapon)
 y - a +2 dagger of flaming
Missiles
 K - 2 throwing nets
 Q - a curare-tipped dart
Armour
 h - a scarf of resistance (worn)
 A - a +0 pair of gloves (worn)
 J - a +0 leather armour of poison resistance (worn)
 U - a +1 hat (worn)
Jewellery
 k - an amulet of regeneration (around neck)
 l - a ring of resist corrosion
 q - the ring "Icia" (left hand) {rF+ MP+9 Int+4 Dex-2}
   (You found it on level 3 of the Dungeon)

   [ring of magical power]

   Int:       It affects your intelligence (+4).
   Dex:       It affects your dexterity (-2).
   rF:        It protects you from fire.
   MP:        It affects your magic capacity (+9).
 v - a +5 ring of evasion (right hand)
 C - a ring of poison resistance
 D - the amulet of Taid {Acrobat rF+}
   (You found it on level 7 of the Dungeon)

   [amulet of the acrobat]

   It increases your evasion while moving and waiting.
   rF:        It protects you from fire.
 L - a ring of see invisible
 R - a ring of flight
 T - a +4 ring of protection
 V - a ring of fire
 X - the ring of Lugonu's Esteem {Fire Str-5 Int+2 Dex+5}
   (You found it in an ice cave)

   [ring of fire]

   It enhances your fire magic.
   Str:       It affects your strength (-5).
   Int:       It affects your intelligence (+2).
   Dex:       It affects your dexterity (+5).
   rF:        It protects you from fire.
   rC:        It makes you vulnerable to cold.
Wands
 F - a wand of polymorph (4)
 M - a wand of flame (35)
 W - a wand of mindburst (4)
Scrolls
 d - 2 scrolls of immolation
 e - 5 scrolls of magic mapping
 g - 4 scrolls of enchant armour
 m - 4 scrolls of vulnerability
 o - 2 scrolls of amnesia {unknown}
 r - 2 scrolls of noise {unknown}
 w - 2 scrolls of poison {unknown}
 x - a scroll of fear {unknown}
 B - a scroll of brand weapon {unknown}
 I - 2 scrolls of teleportation
 N - 2 scrolls of enchant weapon {unknown}
 O - a scroll of butterflies {unknown}
 P - a scroll of blinking {unknown}
 S - a scroll of fog {unknown}
Potions
 a - 2 potions of might {unknown}
 b - a potion of magic
 c - 2 potions of ambrosia
 f - 3 potions of attraction
 i - 4 potions of flight {unknown}
 j - 5 potions of curing {unknown}
 n - a potion of degeneration {unknown}
 p - a potion of mutation {unknown}
 s - 4 potions of haste {unknown}
 u - 6 potions of heal wounds {unknown}
 z - a potion of invisibility {unknown}
 E - a potion of resistance {unknown}
 G - 2 potions of berserk rage {unknown}
 H - 2 potions of brilliance {unknown}


   Skills:
 + Level 2.1 Fighting
 + Level 4.2 Short Blades
 + Level 3.2 Armour
 + Level 3.5 Dodging
 + Level 5.6 Stealth
 + Level 1.1 Shields
 + Level 10.7 Spellcasting
 + Level 7.6 Conjurations
 + Level 0.8 Transmutations
 + Level 9.7 Earth Magic
 + Level 0.9 Evocations


You had 18 spell levels left.
You knew the following spells:

 Your Spells              Type           Power      Damage    Failure   Level
a - Sandblast             Erth           100%       2d20      1%          1
b - Passwall              Tmut/Erth      34%        N/A       1%          2
c - Stone Arrow           Conj/Erth      100%       3d13      1%          3
d - Petrify               Tmut/Erth      41%        N/A       2%          4
e - Swiftness             Air            14%        N/A       6%          3

Your spell library contained the following spells:

 Spells                   Type           Power      Damage    Failure   Level
 Call Imp                 Summ           28%        N/A       3%          2
 Ensorcelled Hibernation  Hex/Ice        28%        N/A       3%          2
 Call Canine Familiar     Summ           14%        N/A       6%          3
 Ozocubu's Armour         Ice            14%        N/A       6%          3
 Vhi's Electric Charge    Tloc/Air       28%        N/A       6%          3
 Summon Lightning Spire   Summ/Air       14%        N/A       21%         4
 Ozocubu's Refrigeration  Ice            7%         4d9       100%        7


Dungeon Overview and Level Annotations

Branches:
Dungeon (11/15)            Temple (1/1) D:6            Lair (0/5) D:9
    Orc (0/2) D:11          Sewer (visited)           IceCv (1/1)

Altars:
Ashenzari
Cheibriados
Dithmenos
Fedhas
Gozag
Hepliaklqana
Makhleb
Nemelex Xobeh
Okawaru
Qazlal
Ru
Sif Muna
Trog
Uskayaw
Vehumet
Wu Jian
Xom
Yredelemnul

Shops:
D:1 ?   D:2 =   D:5 ::**

Annotations:
D:4 1 runed translucent door, Crazy Yiuf
Temple 2 transporters


Innate Abilities, Weirdness & Mutations

Your demonic aura causes all spilled blood to erupt in flames.
You have an absolutely massive brain. (Int +6, Wiz)
Your touch may inflict minor irresistible damage on your foes.


Message History

Unknown command.
Your unstable footing causes you to fumble your attack.
The polar bear completely misses you. x2; The polar bear claws you.
Unknown command.
You hit the polar bear.
The polar bear is severely wounded.
The yak barely misses you. The polar bear barely misses you.
The polar bear closely misses you. The polar bear misses you.
Unknown command.
You completely miss the polar bear.
The polar bear is severely wounded.
The polar bear closely misses you.
The polar bear claws you but does no damage.
The polar bear claws you. The yak gores you.
Unknown command.
You hit the polar bear. Your touch misses the polar bear.
The polar bear is severely wounded.
The polar bear bites you!! The polar bear misses you.
The polar bear barely misses you.
Unknown command.
You hit the polar bear but do no damage.
You touch the polar bear!
The polar bear is almost dead.
The yak closely misses you. The polar bear closely misses you. x2
The polar bear claws you but does no damage.
Unknown command.
Unknown command.
Your unstable footing causes you to fumble your attack.
The polar bear misses you. The polar bear barely misses you.
The polar bear claws you. The yak misses you.
You don't have enough magic to cast this spell.
You don't have enough magic to cast this spell.
You don't have enough magic to cast this spell.
The polar bear attacks as you move away!
The polar bear bites you!!
* * * LOW HITPOINT WARNING * * *
The polar bear misses you.
The polar bear claws you but does no damage.
The polar bear bites you!!
You die...

# ######### ...
###~.#....### #
#..##h@##.#.....###
##
#Y~~#####.###...####.
≈≈≈≈≈~Y## ###
###...#.. #≈≈≈≈≈≈
#########... ##≈≈≈≈≈
###...########
≈≈≈≈≈≈≈
###..##.....##
#≈≈≈≈≈≈
#..###...⌠...##
.#≈≈≈≈≈
##...##..[.....#
###≈≈≈
#..#########...#


You could see a polar bear (berserk) and 2 yaks.

Vanquished Creatures
  Erica (D:10)
  A two-headed ogre (D:10)
  Joseph (D:7)
  An ice statue (IceCv)
  A gargoyle (D:10)
  2 trolls
  5 polar bears (IceCv)
  Sigmund (D:2)
  A wyvern (D:9)
  31 yaks
  A wraith (D:9)
  4 vampire mosquitoes (D:10)
  6 orc warriors
  5 ice beasts
  2 black bears
  2 sky beasts
  2 centaurs
  19 wolves
  A phantom (D:7)
  3 kobold brigands
  3 bullfrogs
  3 scorpions
  8 wights (D:8)
  3 killer bees (D:10)
  2 electric eels (D:9)
  A howler monkey (D:5)
  3 jellies
  A gnoll bouda (D:8)
  6 hounds
  5 orc priests
  6 orc wizards
  Ijyb (D:4)
  An iguana (D:5)
  Robin (D:4)
  17 adders
  7 gnolls
  2 river rats (Sewer)
  13 white imps
  An ufetubus (D:7)
  4 worms
  36 orcs
  8 ball pythons
  7 bats
  9 endoplasms
  3 giant cockroaches
  17 goblins
  6 hobgoblins
  17 kobolds
  3 quokkas
  4 frilled lizards
  3 rats
291 creatures vanquished.

Notes
Turn   | Place    | Note
-------+----------+-------------------------------------------
     0 | D:1      | DemonSlayer the Demonspawn Earth Elementalist began the
                  | quest for the Orb.
     0 | D:1      | Reached XP level 1. HP: 13/13 MP: 3/3
   425 | D:1      | Gained mutation: You have an unusually large brain. (Int
                  | +2) [demonic ancestry]
   425 | D:1      | Reached XP level 2. HP: 19/19 MP: 1/5
   956 | D:1      | Found Bore's Magic Scroll Shop.
   964 | D:1      | Bought a scroll of teleportation for 30 gold pieces
  1006 | D:1      | Learned a level 2 spell: Passwall
  1038 | D:2      | Found Eseeck's Jewellery Boutique.
  1105 | D:2      | Reached XP level 3. HP: 17/24 MP: 3/6
  1293 | D:2      | Identified the staff of air "Wapt" {rElec rPois SInv}
  1390 | D:2      | Noticed Sigmund
  1577 | D:1      | Bought a scroll of identify for 20 gold pieces
  2262 | D:3      | Gained mutation: Your demonic aura sometimes causes spilled
                  | blood to erupt in flames. [demonic ancestry]
  2262 | D:3      | Reached XP level 4. HP: 31/31 MP: 5/7
  2293 | D:3      | Identified the ring "Icia" {rF+ MP+9 Int+4 Dex-2}
  2416 | D:3      | Found a faded altar of an unknown god.
  2501 | D:3      | Found a sparkling altar of Nemelex Xobeh.
  2504 | D:3      | Found a sacrificial altar of Ru.
  2940 | D:4      | Noticed a sky beast
  2957 | D:4      | Reached skill level 3 in Spellcasting
  2957 | D:4      | Gained mutation: You have an extremely huge brain. (Int +4)
                  | [demonic ancestry]
  2957 | D:4      | Reached XP level 5. HP: 21/36 MP: 9/9
  3031 | D:4      | Killed a sky beast
  3032 | D:4      | Gained mutation: Your demonic aura often causes spilled
                  | blood to erupt in flames. [demonic ancestry]
  3032 | D:4      | Reached XP level 6. HP: 42/42 MP: 11/11
  3124 | D:4      | You fall into a shaft and drop 3 floors!
  3129 | D:6      | Noticed an orc warrior
  3135 | D:6      | Found a glowing drain.
  3144 | Sewer    | Entered a sewer
  3697 | Sewer    | Reached skill level 1 in Fighting
  3697 | Sewer    | Reached skill level 4 in Spellcasting
  3697 | Sewer    | Reached skill level 5 in Earth Magic
  4226 | Sewer    | Learned a level 3 spell: Stone Arrow
  4231 | Sewer    | Learned a level 4 spell: Petrify
  4258 | D:6      | Gained mutation: You have an absolutely massive brain. (Int
                  | +6, Wiz) [demonic ancestry]
  4258 | D:6      | Reached XP level 7. HP: 44/48 MP: 13/13
  4285 | D:7      | Noticed Joseph
  4295 | D:7      | Killed Joseph
  4296 | D:7      | Reached skill level 5 in Spellcasting
  4423 | D:7      | Gained mutation: Your demonic aura causes all spilled blood
                  | to erupt in flames. [demonic ancestry]
  4423 | D:7      | Reached XP level 8. HP: 54/54 MP: 9/16
  4530 | D:7      | Reached skill level 1 in Conjurations
  4682 | D:7      | Reached skill level 1 in Shields
  4682 | D:7      | Reached skill level 6 in Spellcasting
  5023 | D:7      | Identified the amulet of Taid {Acrobat rF+}
  5489 | D:7      | Learned a level 3 spell: Swiftness
  5779 | D:6      | Found a staircase to the Ecumenical Temple.
  5791 | Temple   | Entered the Ecumenical Temple
  5791 | Temple   | Found a transporter.
  5791 | Temple   | Found a transporter.
  5817 | Temple   | Found a transporter.
  5817 | Temple   | Found a transporter.
  5832 | Temple   | Became a worshipper of Dithmenos the Shadowed
  6544 | D:6      | Reached XP level 9. HP: 53/59 MP: 7/19
  7008 | D:5      | Entered Level 5 of the Dungeon
  7103 | D:5      | Found Itolyet's Book Emporium.
  7270 | D:5      | Found Weid Eme's Book Boutique.
  7483 | D:5      | Reached * piety under Dithmenos
  7484 | D:5      | Reached skill level 7 in Spellcasting
  7858 | D:5      | Reached skill level 1 in Armour
  7882 | D:5      | Found Potoa's Assorted Antiques.
  7968 | D:5      | Found Dicsis's Elemental Accessories.
  8138 | D:5      | Bought a moonstone ring for 145 gold pieces
  8138 | D:5      | Bought a yellow potion for 26 gold pieces
  8138 | D:5      | Bought a lumpy puce potion for 26 gold pieces
  8138 | D:5      | Bought a scroll of identify for 58 gold pieces
  8138 | D:5      | Bought a scroll labelled ZYPNAI MENUIC for 29 gold pieces
  8217 | D:4      | Reached skill level 1 in Short Blades
  8228 | D:4      | Noticed Robin
  8230 | D:4      | Killed Robin
  8245 | D:4      | Reached ** piety under Dithmenos
  8771 | D:4      | Noticed Ijyb
  8774 | D:4      | Killed Ijyb
  8813 | D:4      | Found a runed translucent door.
  8814 | D:4      | Noticed Crazy Yiuf
  8836 | D:4      | Got the Secrets of Electricity and Illusion
  8944 | D:4      | Found a bloodstained altar of Trog.
  9417 | D:2      | Killed Sigmund
  9872 | D:8      | Reached skill level 8 in Spellcasting
 10767 | D:9      | Reached XP level 10. HP: 59/66 MP: 22/22
 10787 | D:9      | Found a staircase to the Lair.
 10840 | D:9      | Reached skill level 5 in Conjurations
 11585 | D:9      | Reached *** piety under Dithmenos
 11589 | D:9      | Reached skill level 9 in Spellcasting
 12100 | D:10     | Entered Level 10 of the Dungeon
 12215 | D:10     | Noticed a gargoyle
 12217 | D:10     | Killed a gargoyle
 12572 | D:10     | Noticed a manticore
 12573 | D:10     | Noticed a two-headed ogre
 12581 | D:10     | Noticed a two-headed ogre
 12586 | D:10     | Killed a two-headed ogre
 12587 | D:10     | Reached skill level 5 in Stealth
 12653 | D:10     | Noticed Erica
 12655 | D:10     | Killed Erica
 12656 | D:10     | Gained mutation: Your touch may inflict minor irresistible
                  | damage on your foes. [demonic ancestry]
 12656 | D:10     | Reached XP level 11. HP: 72/72 MP: 24/24
 13228 | D:11     | Reached skill level 10 in Spellcasting
 13248 | D:11     | Found a frozen archway.
 13281 | IceCv    | Entered an ice cave
 13753 | IceCv    | Reached **** piety under Dithmenos
 13976 | IceCv    | Identified the ring of Lugonu's Esteem {Fire Str-5 Int+2
                  | Dex+5}
 14266 | IceCv    | Mangled by a polar bear

Illustrated notes

Levels and vault maps discovered:
D:1:      elethiomel_arrival_shortcut, layout_basic, serial_shops, shop,
          minmay_misc_feat_ornament, minmay_pentomino_o2
D:2:      layout_rooms, serial_shops, nicolae_shop_just_a_little_nook,
          grunt_ministairs_10, hangedman_decor_diamond_cutter, uniq_sigmund
D:3:      layout_rooms, nicolae_overflow_squiral,
          hellmonk_ecumenical_altar_zigzags
D:4:      layout_loops_ring, lemuel_tele_altar, uniq_robin,
          uniq_crazy_yiuf_cottage, uniq_ijyb
D:5:      layout_basic, serial_shops, nicolae_shop_competitors_out_of_business,
          nicolae_book_shop_shelving, nicolae_inconvenience_store,
          nicolae_elemental_shop, minmay_misc_feat_iff, hangedman_decor_push
D:6:      layout_cave_pods, minmay_temple_entry_glass, portal_sewer_entry_d
D:7:      layout_loops_ring, uniq_joseph
D:8:      nicolae_cairo_tiling_very_big, layout_loops_cross
D:9:      layout_loops_ring, erik_lair_island
D:10:     layout_loops_ring, lightli_corner_chamber, uniq_erica
D:11:     layout_basic, orc_0_dummy, portal_ice_cave_entry_imps
Temple:   hellmonk_temple_divided_pantheon
IceCv:    ice_cave_caverns_02

Skill      XL: |  1  2  3  4  5  6  7  8  9 10 11 |
---------------+----------------------------------+-----
Earth Magic    | 3 4 5 6 7 8 9 |  9.7
Dodging        | 2 3 |  3.5
Stealth        | 2 3 4 5 |  5.6
Spellcasting   | 3 4 5 6 8 9 10 | 10.7
Fighting       | 1 2 |  2.1
Conjurations   | 3 4 6 7 |  7.6
Shields        | 1 |  1.1
Armour         | 1 2 3 |  3.2
Short Blades   | 2 3 4 |  4.2
Transmutations | |  0.8
Evocations     | |  0.9

Action                     |  1- 3 |  4- 6 |  7- 9 | 10-12 || total
---------------------------+-------+-------+-------+-------++-------
  Melee: Dagger            |    47 |     8 |       |       ||    55
         Rapier            |       |     7 |    24 |    64 ||    95
         Touch             |       |       |       |    11 ||    11
   Cast: Sandblast         |    37 |    77 |     1 |       ||   115
         Stone Arrow       |       |       |   142 |   160 ||   302
         Passwall          |       |       |       |     1 ||     1
  Evoke: Wand              |       |       |     2 |     4 ||     6
    Use: Scroll            |     1 |     1 |     3 |     3 ||     8
         Potion            |       |       |     1 |       ||     1
   Stab: Sleeping          |     3 |     2 |     7 |     3 ||    15
         Distracted        |       |       |       |     1 ||     1
 Armour: Robe              |    17 |    11 |     3 |       ||    31
         Leather armour    |       |       |     5 |    15 ||    20
  Dodge: Dodged            |    43 |    36 |    48 |    82 ||   209
  Block: Other             |    11 |    14 |     2 |       ||    27
         Reflection        |       |     1 |     2 |       ||     3
